 Dungeon Crawl Stone Soup version 0.16.2-12-gd0ad4c3 (webtiles) character file.

992 magipi the Cleaver (level 8, -11/60 (61) HPs)
             Began as a Ghoul Gladiator on Oct 12, 2015.
             Mangled by a wight
             ... wielding a cursed +2 scimitar
              (15 damage)
             ... on level 6 of the Dungeon.
             The game lasted 00:24:45 (3715 turns).

magipi the Cleaver (Ghoul Gladiator)                Turns: 3715, Time: 00:24:45

HP:   -11/60 (61)   AC:  7    Str: 19      XL:     8   Next: 18%
MP:   6/6           EV: 12    Int:  4      God:
Gold: 279           SH:  0    Dex:  8 (10) Spells: 0 memorised, 7 levels left

rFire  + . .     SeeInvis .     a - +1 war axe
rCold  + . .     Clarity  .     C - +3 leather armour
rNeg   + + +     SustAb   .     (no shield)
rPois  ∞         Gourm    .     c - +0 helmet
rElec  .         Spirit   .     (no cloak)
rCorr  .         Warding  +     (no gloves)
rMut   .         Stasis   .     (no boots)
MR     .....                    l - amulet of warding
Stlth  +.........               (no ring)
                                f - ring of protection from fire

@: about to teleport, rotting, not resistant to hostile enchantments, very
unstealthy
A: rotting body, claws 1, carnivore 3, cold resistance 1, negative energy
resistance 3, poison resistance, slow healing 1, torment resistance, unbreathing
a: no special abilities


You were on level 6 of the Dungeon.
You were not hungry.

You visited 2 branches of the dungeon, and saw 7 of its levels.

You collected 279 gold pieces.

Inventory:

Hand weapons
 a - a +1 war axe (weapon)
Missiles
 e - 8 tomahawks
 q - a throwing net (quivered)
Armour
 c - a +0 helmet (worn)
 x - a +0 chain mail
 C - a +3 leather armour (worn)
Jewellery
 f - a ring of protection from fire (left claw)
 l - an amulet of warding (around neck)
Scrolls
 b - a scroll of immolation
 h - 3 scrolls of teleportation
 m - a scroll of blinking
 o - 2 scrolls of fear
 r - a scroll of remove curse
 y - a scroll of recharging
 D - a scroll of fog {unknown}
Potions
 d - a potion of poison {unknown}
 g - 5 potions of curing {unknown}
 i - 3 potions of flight {unknown}
 p - a potion of might {unknown}
 s - 2 potions of lignification
 t - a potion of cure mutation {unknown}
 u - a potion of cancellation {unknown}
 w - a potion of magic {unknown}
 z - a potion of mutation {unknown}
 A - a potion of resistance {unknown}
 B - a potion of restore abilities {unknown}
 E - a potion of brilliance {unknown}
 F - a potion of ambrosia {unknown}
Books
 n - a book of Frost

   Spells                             Type                      Level
   a - Freeze                         Ice                          1
   b - Throw Frost                    Conjuration/Ice              2
   c - Ozocubu's Armour               Charms/Ice                   3
   d - Throw Icicle                   Conjuration/Ice              4
   e - Summon Ice Beast               Ice/Summoning                4
   f - Condensation Shield            Ice                          4
Comestibles
 j - 6 meat rations
 k - a beef jerky
 v - 3 chunks of flesh


   Skills:
 - Level 2.1 Fighting
 + Level 8.8 Axes
 - Level 2.2 Throwing
 - Level 2.6 Dodging


You had 7 spell levels left.
You didn't know any spells.

Dungeon Overview and Level Annotations

Branches:
Dungeon (6/15)             Temple (1/1) D:5

Altars:
Dithmenos
Fedhas
Gozag
Nemelex Xobeh
Okawaru
Qazlal
Ru
Yredelemnul

Annotations:
D:3 Grinder
D:5 Typee's ghost, experienced OpNe


Innate Abilities, Weirdness & Mutations

Your body is rotting away.
You thrive on raw meat.
You have sharp fingernails.
You are carnivorous and can eat meat at any time.
Your flesh is cold resistant.
You are immune to negative energy.
Your system is resistant to poisons.
You heal slowly when monsters are visible.
You are immune to unholy pain and torment.
You can survive without breathing.

Vault maps used:
D:1:      dpeg_arrival_pond, dk_noncrumbling_3
D:2:      first_bread
D:3:      kennysheep_generic_room_8, uniq_natasha, uniq_grinder, uniq_sigmund
D:4:      serial_park_square1
D:5:      minmay_temple_entry_nine_rooms, portal_sewer_entry_d
D:6:      kennysheep_mini_moat, nicolae_ru_awakened_eye
Temple:   nicolae_temple_figure_zero


Message History

Eat one of 3 chunks of flesh? (ye/n/q/i?) This raw flesh tastes great!
You continue eating. x2
Eat one of 2 chunks of flesh? (ye/n/q/i?) This raw flesh tastes great!
You continue eating. x2
You see here a scorpion corpse.
You butcher the scorpion corpse.
v - 3 chunks of flesh (gained 2)
A wight comes into view. It is wielding a long sword.
You barely miss the wight. The wight misses you.
You slash the wight!
The wight is almost destroyed.
The wight misses you.
You hit the wight but do no damage.
The wight is almost destroyed.
You closely miss the wight.
The wight is almost destroyed.
The wight hits you with an enchanted great sword!
You barely miss the wight.
The wight is almost destroyed.
The wight hits you with an enchanted great sword.
You hit the wight but do no damage.
The wight is almost destroyed.
The wight hits you with an enchanted great sword!!
You closely miss the wight.
The wight is severely damaged.
The wight hits you but does no damage.
You hit the wight but do no damage.
The wight is severely damaged.
The wight hits you with an enchanted great sword!
* * * LOW HITPOINT WARNING * * *
You slash the wight!
You destroy the wight!
You closely miss the wight. The wight hits you with a long sword.
* * * LOW HITPOINT WARNING * * *
You hit the wight but do no damage. The wight barely misses you.
You completely miss the wight. The wight closely misses you.
You hit the wight.
The wight is lightly damaged.
The wight closely misses you.
You barely miss the wight.
The wight is lightly damaged.
The wight closely misses you.
Drink which item? (? for menu, Esc to quit)
It was a potion of heal wounds.
You feel much better. The wight completely misses you.
A wight comes into view. It is wielding an enchanted scimitar.
You slash the wight!
The wight is heavily damaged.
The wight closely misses you.
A wight comes into view. It is wielding a spear.
You closely miss the wight.
The wight is heavily damaged.
The wight barely misses you.
You slash the wight!
You destroy the wight!
The wight hits you but does no damage. The wight hits you with a spear.
You slash the wight!
You destroy the wight!
You hit the wight.
The wight is lightly damaged.
You feel your flesh rotting away.
You hit the wight.
The wight is moderately damaged.
The wight hits you with an enchanted scimitar!
You completely miss the wight.
The wight is moderately damaged.
The wight barely misses you.
You hit the wight but do no damage.
The wight is moderately damaged.
The wight hits you with an enchanted scimitar.
You hit the wight but do no damage.
The wight is moderately damaged.
The wight hits you with an enchanted scimitar!
* * * LOW HITPOINT WARNING * * *
You hit the wight.
The wight is moderately damaged.
The wight hits you with an enchanted scimitar!
* * * LOW HITPOINT WARNING * * *
You hit the wight.
The wight is severely damaged.
The wight hits you with an enchanted scimitar!
* * * LOW HITPOINT WARNING * * *
You see here a stone.
Things that are here:
a hunting sling; 9 stones A wight comes into view.
It is wielding an enchanted war axe.
Items here: )) [[ a long sword; a robe; an enchanted great sword; a runed robe
Things that are here:
a spear; a robe Drink which item? (? for menu, Esc to quit)
Okay, then.
Read which item? (? for menu, Esc to quit)
As you read the scroll of teleportation, it crumbles to dust.
You feel strangely unstable.
The wight hits you with an enchanted scimitar!
You die...

#.#....# #.####.### #........#
#############.#..### #####
#.......÷...#.#....########.....
#........##.#....#..............
##......).##.#....#####......z...
..........##.#.##.#.))...........
.(........##.#..@z..##...>.#.....
...#########.#..######.....#####+
...# #.#<...(.)......#
...#########.##'#######.......
#####....(.........# #........
#..............# #.........z
#....(....)....# #.........
#..............# #####....
#..............# ###


You could see a wight.

Table legend:
 A = Kills in this place as a percentage of kills in entire the game.
 B = Kills by you in this place as a percentage of kills by you in the entire game.
 C = Kills by friends in this place as a percentage of kills by friends in the entire game.
 D = Other kills in this place as a percentage of other kills in the entire game.
 E = Experience gained in this place as a percentage of experience gained in the entire game.
 F = Experience gained in this place divided by the number of levels of this place that you have seen.
                   A       B       C       D       E      F
               +-------+-------+-------+-------+-------+----------------------
         Total | 100.0 | 100.0 |  -nan |  -nan | 100.0 | 202.6
       Dungeon | 100.0 | 100.0 |  -nan |  -nan | 100.0 | 236.3
               +-------+-------+-------+-------+-------+----------------------

Vanquished Creatures
  An ice beast (D:5)
  A water moccasin (D:5)
  A phantom (D:4)
  Sigmund (D:3)
  A scorpion (D:6)
  3 wights (D:6)
  A jelly (D:5)
  A quasit (D:4)
  2 iguanas (D:4)
  A hound (D:6)
  A giant frog skeleton (D:5)
  Natasha (D:3)
  4 worker ants
  3 adders
  3 giant mites
  A worm (D:3)
  A shadow imp (D:5)
  An adder skeleton (D:5)
  2 giant geckos (D:5)
  An ooze (D:3)
  10 orcs
  9 bats
  8 goblins
  11 hobgoblins
  6 jackals
  A ball python (D:5)
  3 giant cockroaches
  5 giant newts
  11 kobolds
  11 rats
106 creatures vanquished.

Vanquished Creatures (others)
  A butterfly (D:5)
1 creature vanquished.

Grand Total: 107 creatures vanquished

Notes
Turn   | Place    | Note
--------------------------------------------------------------
     0 | D:1      | magipi, the Ghoul Gladiator, began the quest for the Orb.
     0 | D:1      | Reached XP level 1. HP: 17/17 MP: 1/1
   183 | D:1      | Reached skill level 3 in Axes
   183 | D:1      | Reached XP level 2. HP: 21/24 MP: 2/2
   456 | D:1      | Reached XP level 3. HP: 27/29 MP: 3/3
  1175 | D:3      | Reached skill level 4 in Axes
  1178 | D:3      | Reached XP level 4. HP: 34/36 MP: 3/3
  1435 | D:3      | Noticed Grinder
  1555 | D:4      | Noticed a phantom
  1616 | D:4      | Killed a phantom
  1616 | D:4      | Reached skill level 5 in Axes
  1616 | D:4      | Reached XP level 5. HP: 12/41 MP: 4/4
  1704 | D:3      | Noticed Sigmund
  1716 | D:3      | Killed Sigmund
  1716 | D:3      | Reached XP level 6. HP: 10/48 MP: 5/5
  1829 | D:3      | Reached skill level 6 in Axes
  1833 | D:3      | Noticed Natasha
  1839 | D:3      | Killed Natasha
  2458 | D:5      | Entered Level 5 of the Dungeon
  2509 | D:5      | Noticed Typee's ghost (experienced OpNe)
  2595 | D:5      | Reached XP level 7. HP: 25/53 MP: 5/5
  2934 | D:5      | Found a staircase to the Ecumenical Temple.
  2945 | Temple   | Entered the Ecumenical Temple
  3100 | D:5      | Reached skill level 7 in Axes
  3287 | D:5      | Noticed a water moccasin
  3298 | D:5      | Killed a water moccasin
  3397 | D:5      | Reached skill level 8 in Axes
  3647 | D:6      | Reached XP level 8. HP: 47/61 MP: 6/6
  3696 | D:6      | HP: 2/60 [wight/enchanted scimitar (8)]
  3715 | D:6      | Mangled by a wight

Action                   |  1- 3 |  4- 6 |  7- 9 || total
-------------------------+-------+-------+-------++-------
Melee: War axe           |   136 |   184 |   137 ||   457
Throw: Throwing net      |       |     5 |     1 ||     6
  Use: Scroll            |       |     9 |     1 ||    10
       Potion            |       |       |     1 ||     1
 Stab: Held in net/web   |       |     2 |     1 ||     3
  Eat: Chunk             |    11 |    18 |     9 ||    38

Action                   |  1- 3 |  4- 6 |  7- 9 || total
-------------------------+-------+-------+-------++-------
Melee: War axe           |   136 |   184 |   137 ||   457
Throw: Throwing net      |       |     5 |     1 ||     6
  Use: Scroll            |       |     9 |     1 ||    10
       Potion            |       |       |     1 ||     1
 Stab: Held in net/web   |       |     2 |     1 ||     3
  Eat: Chunk             |    11 |    18 |     9 ||    38

Action                   |  1- 3 |  4- 6 |  7- 9 || total
-------------------------+-------+-------+-------++-------
Melee: War axe           |   136 |   184 |   137 ||   457
Throw: Throwing net      |       |     5 |     1 ||     6
  Use: Scroll            |       |     9 |     1 ||    10
       Potion            |       |       |     1 ||     1
 Stab: Held in net/web   |       |     2 |     1 ||     3
  Eat: Chunk             |    11 |    18 |     9 ||    38
